Map: [ESL] Oceanborn

Players

SKillous

  • Race: Protoss Protoss
  • League: Diamond
  • Spawn Location: 5:00

Firefly - Winner!

  • Race: Protoss Protoss
  • League: Master
  • Spawn Location: 11:00

Event: IEM Katowice 2024

VOD

Have the link to the VOD?

Description

Time

  • Played on: Feb. 8, 2024, 10:17 a.m.
  • Length: 6:53

All games in this series

Show
View Real Time Build Order
Export as new Build Order

SKillous Protoss 

Build Orders:  

Get SALT Encoding   

  12  0:00  Probe  
  13  0:12  Probe  
  14  0:17  Pylon  
  14  0:24  Probe  
  15  0:35  Gateway  
  15  0:36  Probe (Chrono Boost)  
  16  0:42  Assimilator  
  16  0:46  Probe (Chrono Boost)  
  17  0:51  Probe (Chrono Boost)  
  17  0:54  Assimilator  
  18  1:03  Probe (Chrono Boost)  
  19  1:07  Gateway  
  19  1:12  Probe (Chrono Boost)  
  19  1:17  Probe (Chrono Boost)  
  20  1:23  Cybernetics Core  
  21  1:29  Probe  
  22  1:35  Pylon  
  22  1:41  Probe  
  23  1:54  Probe  
  23  2:00  Warp Gate, Stalker x2  
  27  2:06  Probe  
  28  2:17  Pylon  
  28  2:18  Probe  
  29  2:30  Stalker  
  29  2:35  Stalker  
  29  2:36  Probe  
  33  2:59  Nexus  
  33  3:02  Probe  
  34  3:06  Sentry  
  34  3:08  Sentry  
  38  3:18  Robotics Facility  
  38  3:25  Probe  
  38  3:26  Pylon  
  39  3:44  Probe (Chrono Boost)  
  40  3:52  Adept x2  
  45  3:56  Probe (Chrono Boost)  
  45  3:59  Twilight Council  
  45  4:01  Probe (Chrono Boost)  
  46  4:05  Observer (Chrono Boost)  
  47  4:11  Probe (Chrono Boost)  
  47  4:17  Probe (Chrono Boost)  
  49  4:20  Probe (Chrono Boost)  
  52  4:24  Probe (Chrono Boost)  
  52  4:25  Probe (Chrono Boost)  
  53  4:34  Immortal (Chrono Boost)  
  53  4:35  Probe  
  53  4:36  Dark Shrine  
  53  4:37  Probe  
  54  4:44  Stalker  
  56  4:47  Probe  
  56  4:51  Probe  
  58  4:54  Pylon  
  58  4:59  Probe  
  59  5:00  Adept  
  59  5:03  Probe  
  62  5:07  Pylon  
  62  5:12  Adept  
  60  5:22  Probe  
  60  5:23  Probe  
  60  5:27  Shield Battery  
  61  5:29  Pylon  
  61  5:31  Gateway x2  
  55  5:37  Stalker  
  51  5:44  Immortal (Chrono Boost)  
  48  5:51  Dark Templar  
  45  6:01  Pylon  
  32  6:14  Probe x2  
  26  6:30  Dark Templar  
  28  6:35  Probe (Chrono Boost)  
Show
View Real Time Build Order
Export as new Build Order

Firefly Protoss - Winner!

Build Orders: Phoenix Opening, Blink Stalkers 

Get SALT Encoding   

  12  0:00  Probe  
  13  0:12  Probe  
  14  0:17  Pylon  
  14  0:24  Probe (Chrono Boost)  
  15  0:36  Gateway, Probe (Chrono Boost)  
  16  0:44  Probe (Chrono Boost)  
  16  0:46  Assimilator  
  17  0:51  Probe  
  17  0:54  Assimilator  
  18  1:03  Probe (Chrono Boost)  
  19  1:06  Gateway  
  19  1:15  Probe (Chrono Boost)  
  20  1:20  Probe (Chrono Boost)  
  20  1:23  Cybernetics Core  
  21  1:29  Probe  
  22  1:36  Pylon  
  22  1:41  Probe  
  23  1:59  Stalker, Warp Gate  
  23  2:00  Stalker  
  27  2:09  Pylon  
  27  2:20  Probe  
  28  2:29  Sentry  
  30  2:30  Sentry  
  30  2:32  Probe  
  33  2:47  Nexus  
  33  2:50  Probe  
  34  2:58  Shield Battery  
  34  3:02  Phoenix  
  34  3:03  Probe  
  35  3:11  Twilight Council  
  34  3:15  Probe  
  35  3:26  Pylon  
  35  3:27  Probe, Phoenix  
  38  3:39  Blink (Chrono Boost), Probe  
  37  3:51  Sentry, Stalker  
  37  3:53  Probe  
  42  3:58  Probe  
  43  4:05  Probe  
  44  4:10  Probe  
  44  4:13  Stalker  
  44  4:14  Stalker, Phoenix  
  49  4:17  Probe  
  49  4:22  Probe  
  51  4:29  Probe  
  50  4:34  Probe  
  50  4:37  Stalker  
  52  4:38  Stalker  
  52  4:41  Probe  
  55  4:47  Probe  
  56  4:53  Probe  
  56  4:55  Pylon  
  56  4:58  Pylon  
  56  4:59  Probe  
  58  5:00  Stalker  
  58  5:01  Stalker  
  62  5:07  Pylon  
  62  5:13  Probe  
  61  5:23  Probe  
  61  5:24  Stalker x2  
  66  5:32  Nexus  
  66  5:33  Probe  
  63  5:39  Probe  
  62  5:48  Probe  
  63  5:51  Stalker x2  
  63  5:52  Robotics Facility  
  64  5:59  Gateway  
  64  6:02  Probe  
  60  6:15  Pylon  
  58  6:21  Sentry, Stalker  
  58  6:23  Forge  
  58  6:25  Probe x2  
  56  6:37  Probe  
  58  6:45  Stalker x2  

Tags
 
Add a new tag
Caveats
  • Supply blocks, unpowered buildings, or Contaminate may cause inaccurate times.
  • Supply counts are checked every 10 seconds.